AoeStats
← Palmari

MegaRandom

509754678Analyzed
2v2 RM · 6d ago on Sep 27, 2026· 48m 52s· 4 players
Game mode
Random Map
Map size
Medium (4 player)
Population
200
Speed
Normal
Resources
Standard
Victory
Conquest
Starting age
Dark Age
Ending age
Imperial Age
RankedLock teamsTeams togetherTeam positionsShared explorationLock speedFull tech treeHidden civsTurbo modeCheats
Victory
Defeat
🇧🇪 Koreans · Belgium
1294
+13
🇬🇧 Persians · United Kingdom
1266
+14
🇧🇷 Magyars · Brazil
1243
-14
🇧🇷 Chinese · Brazil
1206
-13
Moon Warrior
6:43 Loom
9:35 Feudal Age
10:33 Double-Bit Axe
10:30 Horse Collar
16:04 Scale Barding Armor
25:39 Castle Age
23:34 Gold Mining
24:10 Bloodlines
25:57 Wheelbarrow
26:50 Bow Saw
26:42 Heavy Plow
27:23 Gold Shaft Mining
30:20 Chain Barding Armor
36:56 Town Watch
40:05 Imperial Age
39:00 Stone Mining
40:12 Light Cavalry
41:29 Plate Barding Armor
47:23 Two-Man Saw
47:33 Hand Cart
GeroKannemann
0:26 Loom
10:41 Feudal Age
15:27 Castle Age
14:06 Double-Bit Axe
14:47 Horse Collar
16:28 Bow Saw
16:32 Fletching
17:47 Padded Archer Armor
17:47 Bodkin Arrow
18:17 Crossbowman
19:25 Padded Archer Armor
21:41 Heavy Plow
23:14 Wheelbarrow
25:11 Hand Cart
28:07 Leather Archer Armor
33:47 Imperial Age
32:30 Ballistics
33:43 Pikeman
34:24 Squires
34:25 Scale Mail Armor
34:36 Forging
34:03 Arbalester
35:45 Two-Man Saw
37:48 Halberdier
39:24 Chain Mail Armor
39:20 Forging
39:11 Bracer
39:41 Ring Archer Armor
39:12 Gold Mining
39:12 Stone Mining
40:13 Arson
41:02 Plate Mail Armor
46:26 Iron Casting
46:15 Conscription
45:17 Elite Skirmisher
Palmari
6:49 Loom
9:26 Feudal Age
10:25 Double-Bit Axe
21:12 Fishing Lines
22:30 Gold Mining
25:20 Castle Age
23:20 Stone Mining
23:31 Horse Collar
24:31 Fletching
24:51 Forging
24:42 Scale Mail Armor
26:03 Crossbowman
26:52 Thumb Ring
26:44 Bodkin Arrow
27:05 Chain Mail Armor
28:07 Wheelbarrow
27:11 Pikeman
29:44 Iron Casting
36:06 Imperial Age
34:27 Gold Shaft Mining
34:43 Bow Saw
35:21 Ballistics
36:14 Arbalester
37:06 Bracer
38:23 Conscription
39:46 Hand Cart
43:46 Chemistry
47:27 Stone Shaft Mining
49:21 Two-Man Saw
[ITBB] RossMichael
8:03 Loom
10:18 Feudal Age
12:41 Double-Bit Axe
18:39 Castle Age
18:44 Scale Barding Armor
18:50 Bloodlines
20:02 Forging
22:15 Wheelbarrow
25:10 Chain Barding Armor
33:39 Iron Casting
34:19 Fletching
35:00 Gold Mining
37:58 Imperial Age
36:00 Husbandry
37:56 Gold Shaft Mining
37:11 Stone Mining
37:49 Cavalier
38:33 Horse Collar
40:03 Plate Barding Armor
41:54 Blast Furnace
42:36 Bow Saw
46:38 Savar
47:19 Stone Mining
49:19 Bodkin Arrow
Connection lost

Rejoining the realm…

Still unreachable

The connection could not be restored.

Session expired

The server has moved on; the page needs a fresh start.